TOP OF THE 1ST |
Colorado Commanders batting - Pitching for Eau Claire Esquires : LHP Tim Davidson
|
Pitching: LHP Tim Davidson
|
|
Batting: RHB Tony Barton
|
0-0: Called Strike 0-1: Foul Ball, location: 2F 0-2: Ball 1-2: Foul Ball, location: 2F 1-2: Strikes out swinging
|
Batting: RHB Félix Campos
|
0-0: Called Strike 0-1: Ball 1-1: SINGLE (Groundball, 34D)
|
Batting: RHB Mike Martin
|
0-0: Ball 1-0: Foul Ball, location: 2F 1-1: Foul Ball, location: 2F 1-2: Grounds into double play, 5-4-3 (Groundball, 56)
|
Top of the 1st over - 0 run(s), 1 hit(s), 0 error(s), 0 left on base; Colorado 0 - Eau Claire 0 |
BOTTOM OF THE 1ST |
Eau Claire Esquires batting - Pitching for Colorado Commanders : RHP Juan Mesa
|
Pitching: RHP Juan Mesa
|
|
Batting: RHB Juan Castillo
|
0-0: Called Strike 0-1: Ball 1-1: Ball 2-1: SINGLE (Flyball, 9LS)
|
Batting: RHB Xie-li Fong
|
0-0: Called Strike 0-1: Swinging Strike 0-2: Strikes out swinging
|
Batting: RHB Eric Black
|
0-0: Ball 1-0: Foul Ball, location: 2F 1-1: Ball 2-1: Called Strike 2-2: Strikes out swinging
|
Batting: LHB Johnny Foley
|
0-0: Ball 1-0: Ball 2-0: Foul Ball, location: 2F 2-1: Ball 3-1: Base on Balls Juan Castillo to second
|
Batting: RHB Carlos García
|
0-0: Called Strike 0-1: Ball 1-1: Swinging Strike 1-2: Strikes out looking
|
Bottom of the 1st over - 0 run(s), 1 hit(s), 0 error(s), 2 left on base; Colorado 0 - Eau Claire 0 |
TOP OF THE 2ND |
Colorado Commanders batting - Pitching for Eau Claire Esquires : LHP Tim Davidson
|
Batting: RHB Alberto Soto
|
0-0: Called Strike 0-1: Ball 1-1: Ball 2-1: Fly out, F9 (Flyball, 89S)
|
Batting: LHB Arturo Rodledo
|
0-0: Called Strike 0-1: Ball 1-1: Ball 2-1: Swinging Strike 2-2: Ground out 4-3 (Groundball, 4)
|
Batting: SHB Ed Dundee
|
0-0: Ball 1-0: Called Strike 1-1: Ball 2-1: Foul Ball, location: 2F 2-2: Fly out, F6 (Line Drive, 6M)
|
Top of the 2nd over - 0 run(s), 0 hit(s), 0 error(s), 0 left on base; Colorado 0 - Eau Claire 0 |
BOTTOM OF THE 2ND |
Eau Claire Esquires batting - Pitching for Colorado Commanders : RHP Juan Mesa
|
Batting: RHB Tomás Rivera
|
0-0: Ball 1-0: Swinging Strike 1-1: Swinging Strike 1-2: Strikes out swinging
|
Batting: RHB Terry Perkins
|
0-0: Foul Ball, location: 2F 0-1: Called Strike 0-2: Strikes out looking
|
Batting: RHB Gary Roberts
|
0-0: Fly out, F9 (Flyball, 9LMF)
|
Bottom of the 2nd over - 0 run(s), 0 hit(s), 0 error(s), 0 left on base; Colorado 0 - Eau Claire 0 |
TOP OF THE 3RD |
Colorado Commanders batting - Pitching for Eau Claire Esquires : LHP Tim Davidson
|
Batting: RHB Roberto Rodríguez
|
0-0: SINGLE (Line Drive, 4)
|
Batting: RHB Clarence Robertson
|
0-0: Ball 1-0: Fly out, F9 (Flyball, 89M)
|
Batting: RHB Nick Crosby
|
0-0: Fly out, F5 (Line Drive, 5)
|
Batting: RHB Tony Barton
|
0-0: Called Strike 0-1: Swinging Strike 0-2: Ball Roberto Rodríguez is caught stealing 2nd base
|
Top of the 3rd over - 0 run(s), 1 hit(s), 0 error(s), 0 left on base; Colorado 0 - Eau Claire 0 |
BOTTOM OF THE 3RD |
Eau Claire Esquires batting - Pitching for Colorado Commanders : RHP Juan Mesa
|
Batting: RHB Chet White
|
0-0: Called Strike 0-1: Ball 1-1: Ball 2-1: Foul Ball, location: 2F 2-2: Strikes out looking
|
Batting: RHB Juan Castillo
|
0-0: Ball 1-0: Foul Ball, location: 2F 1-1: Foul Ball, location: 2F 1-2: Fly out, F2 (Popup, 3S)
|
Batting: RHB Xie-li Fong
|
0-0: Ground out 4-3 (Groundball, 4M)
|
Bottom of the 3rd over - 0 run(s), 0 hit(s), 0 error(s), 0 left on base; Colorado 0 - Eau Claire 0 |
TOP OF THE 4TH |
Colorado Commanders batting - Pitching for Eau Claire Esquires : LHP Tim Davidson
|
Batting: RHB Tony Barton
|
0-0: SINGLE (Line Drive, 7S)
|
Batting: RHB Félix Campos
|
0-0: Ball 1-0: Swinging Strike 1-1: SINGLE (Line Drive, 56D) Tony Barton to second
|
Batting: RHB Mike Martin
|
0-0: Called Strike 0-1: Foul Ball, location: 2F 0-2: Ball 1-2: Fly out, F8 (Flyball, 8LD) Runner from 2nd tags up, SAFE at 3rd, no throw
|
Batting: RHB Alberto Soto
|
0-0: Called Strike 0-1: Ball 1-1: Fielders Choice at 2nd, 1-6 (Groundball, 13)
|
Batting: LHB Arturo Rodledo
|
0-0: Ball 1-0: Ball 2-0: Foul Ball, location: 2F 2-1: SINGLE (Groundball, 34D) Tony Barton scores Alberto Soto to second Runner from 2nd tries for 3rd, SAFE, no throw
|
Batting: SHB Ed Dundee
|
0-0: Foul Ball, location: 2F 0-1: Ball 1-1: Foul Ball, location: 2F 1-2: Fielders Choice at 2nd, 6-4 (Groundball, 6)
|
Top of the 4th over - 1 run(s), 3 hit(s), 0 error(s), 1 left on base; Colorado 1 - Eau Claire 0 |
BOTTOM OF THE 4TH |
Eau Claire Esquires batting - Pitching for Colorado Commanders : RHP Juan Mesa
|
Batting: RHB Eric Black
|
0-0: Called Strike 0-1: Called Strike 0-2: Ball 1-2: Foul Ball, location: 2F 1-2: Foul Ball, location: 2F 1-2: Ball 2-2: Strikes out looking
|
Batting: LHB Johnny Foley
|
0-0: Ball 1-0: Ball 2-0: Called Strike 2-1: Ball 3-1: Foul Ball, location: 2F 3-2: Base on Balls
|
Batting: RHB Carlos García
|
0-0: Foul Ball, location: 2F 0-1: Ball 1-1: Ball 2-1: Foul Ball, location: 2F 2-2: Fly out, F3 (Popup, 3L)
|
Batting: RHB Tomás Rivera
|
0-0: Ball 1-0: Ground out 5-3 (Groundball, 5S)
|
Bottom of the 4th over - 0 run(s), 0 hit(s), 0 error(s), 1 left on base; Colorado 1 - Eau Claire 0 |
TOP OF THE 5TH |
Colorado Commanders batting - Pitching for Eau Claire Esquires : LHP Tim Davidson
|
Batting: RHB Roberto Rodríguez
|
0-0: Ball 1-0: Ball 2-0: SINGLE (Groundball, 34D)
|
Batting: RHB Clarence Robertson
|
0-0: Ball Roberto Rodríguez steals 2nd base 1-0: Fly out, F4 (Popup, 4D)
|
Batting: RHB Nick Crosby
|
0-0: Ball 1-0: Ball 2-0: Called Strike 2-1: Fly out, F8 (Line Drive, 8RM)
|
Batting: RHB Tony Barton
|
0-0: Ball 1-0: Ball 2-0: Ground out 5-3 (Groundball, 56)
|
Top of the 5th over - 0 run(s), 1 hit(s), 0 error(s), 1 left on base; Colorado 1 - Eau Claire 0 |
BOTTOM OF THE 5TH |
Eau Claire Esquires batting - Pitching for Colorado Commanders : RHP Juan Mesa
|
Batting: RHB Terry Perkins
|
0-0: Ball 1-0: SINGLE (Groundball, 6D)
|
Batting: RHB Gary Roberts
|
0-0: SINGLE (Groundball, 4MD) Terry Perkins to second
|
Batting: RHB Chet White
|
0-0: Foul Ball, location: 2F 0-1: Ball 1-1: Ball 2-1: Foul Ball, location: 2F 2-2: Strikes out looking
|
Batting: RHB Juan Castillo
|
0-0: SINGLE (Groundball, 6MD) Terry Perkins to third Gary Roberts to second Runner from 3rd tries for Home, SAFE, no throw
|
Batting: RHB Xie-li Fong
|
0-0: Fly out, F8 (Flyball, 89M)
|
Batting: RHB Eric Black
|
0-0: SINGLE (Line Drive, 6MD) Gary Roberts to third Juan Castillo to second Runner from 3rd tries for Home, SAFE, no throw
|
Batting: LHB Johnny Foley
|
0-0: Ball 1-0: Ball 2-0: Ground out 3-1 (Groundball, 34S)
|
Bottom of the 5th over - 2 run(s), 4 hit(s), 0 error(s), 2 left on base; Colorado 1 - Eau Claire 2 |
TOP OF THE 6TH |
Colorado Commanders batting - Pitching for Eau Claire Esquires : LHP Tim Davidson
|
Batting: RHB Félix Campos
|
0-0: Foul Ball, location: 2F 0-1: Ball 1-1: Fly out, F7 (Line Drive, 7S)
|
Batting: RHB Mike Martin
|
0-0: Fly out, F8 (Line Drive, 8LD)
|
Batting: RHB Alberto Soto
|
0-0: Swinging Strike 0-1: Foul Ball, location: 2F 0-2: Ball 1-2: Foul Ball, location: 2F 1-2: Strikes out looking
|
Top of the 6th over - 0 run(s), 0 hit(s), 0 error(s), 0 left on base; Colorado 1 - Eau Claire 2 |
BOTTOM OF THE 6TH |
Eau Claire Esquires batting - Pitching for Colorado Commanders : RHP Juan Mesa
|
Batting: RHB Carlos García
|
0-0: Swinging Strike 0-1: Foul Ball, location: 2F 0-2: Ball 1-2: Foul Ball, location: 2F 1-2: Fly out, F8 (Flyball, 8LS)
|
Batting: RHB Tomás Rivera
|
0-0: Ground out 6-3 (Groundball, 6)
|
Batting: RHB Terry Perkins
|
0-0: Called Strike 0-1: Ball 1-1: Ball 2-1: Foul Ball, location: 2F 2-2: Strikes out swinging
|
Bottom of the 6th over - 0 run(s), 0 hit(s), 0 error(s), 0 left on base; Colorado 1 - Eau Claire 2 |
TOP OF THE 7TH |
Colorado Commanders batting - Pitching for Eau Claire Esquires : LHP Tim Davidson
|
Batting: LHB Arturo Rodledo
|
0-0: Foul Ball, location: 2F 0-1: Ball 1-1: Ball 2-1: Ground out U3 (Groundball, 3L)
|
Batting: SHB Ed Dundee
|
0-0: Called Strike 0-1: Ball 1-1: Ground out 5-3 (Groundball, 56)
|
Batting: RHB Roberto Rodríguez
|
0-0: Ball 1-0: Swinging Strike 1-1: Ground out 6-3 (Groundball, 6)
|
Top of the 7th over - 0 run(s), 0 hit(s), 0 error(s), 0 left on base; Colorado 1 - Eau Claire 2 |
BOTTOM OF THE 7TH |
Eau Claire Esquires batting - Pitching for Colorado Commanders : RHP Juan Mesa
|
Batting: RHB Gary Roberts
|
0-0: Called Strike 0-1: Ball 1-1: Ball 2-1: Swinging Strike 2-2: Strikes out swinging
|
Pitching: RHP Pablo Ortíz
|
|
Batting: RHB Chet White
|
0-0: Ball 1-0: Ground out 6-3 (Groundball, 6M)
|
Batting: RHB Juan Castillo
|
0-0: Ball 1-0: Foul Ball, location: 2F 1-1: DOUBLE (Flyball, 78M)
|
Pinch Hitting: LHB António Chávez
|
0-0: Ball Wild Pitch! Juan Castillo to third 1-0: Called Strike 1-1: Swinging Strike 1-2: Ball 2-2: Ground out U3 (Groundball, 34)
|
Bottom of the 7th over - 0 run(s), 1 hit(s), 0 error(s), 1 left on base; Colorado 1 - Eau Claire 2 |
TOP OF THE 8TH |
Colorado Commanders batting - Pitching for Eau Claire Esquires : LHP Tim Davidson
|
Pitching: LHP Tom Hale
|
|
Now in CF: Jason Smith
|
|
Batting: RHB Clarence Robertson
|
0-0: Called Strike 0-1: Called Strike 0-2: Ball 1-2: Strikes out swinging
|
Pitching: RHP Armando Torres
|
|
Batting: RHB Nick Crosby
|
0-0: Ball 1-0: Ball 2-0: Ball 3-0: Base on Balls
|
Pinch Hitting: RHB Chris Rice
|
0-0: Ball 1-0: 2-RUN HOME RUN (Line Drive, 7LD), Distance : 324 ft
|
Pitching: RHP Jesús Díaz
|
|
Batting: RHB Félix Campos
|
0-0: Foul Ball, location: 2F 0-1: SINGLE (Groundball, 4MD)
|
Batting: RHB Mike Martin
|
0-0: DOUBLE (Flyball, 89XD) Félix Campos to third Runner from 3rd tries for Home, SAFE, no throw
|
Batting: RHB Alberto Soto
|
0-0: Ball 1-0: Ball 2-0: Ball 3-0: Base on Balls
|
Batting: LHB Arturo Rodledo
|
0-0: Ground out 4-3 (Groundball, 4S) Mike Martin to third Alberto Soto to second
|
Pinch Hitting: LHB Juan Torres
|
0-0: Called Strike 0-1: Ground out 6-3 (Groundball, 56D)
|
Top of the 8th over - 3 run(s), 3 hit(s), 0 error(s), 2 left on base; Colorado 4 - Eau Claire 2 |
BOTTOM OF THE 8TH |
Eau Claire Esquires batting - Pitching for Colorado Commanders : RHP Pablo Ortíz
|
Now at 2B: Todd Oliver
|
|
Now in RF: Chris Rice
|
|
Batting: RHB Eric Black
|
0-0: Swinging Strike 0-1: Ball 1-1: Ball 2-1: Foul Ball, location: 2F 2-2: Ball 3-2: SOLO HOME RUN (Flyball, 7D), Distance : 340 ft
|
Pitching: LHP Homer Bryan
|
|
Batting: LHB Johnny Foley
|
0-0: Called Strike 0-1: Ground out U3 (Groundball, 34)
|
Pitching: RHP Ron Hannah
|
|
Batting: RHB Carlos García
|
0-0: Ground out 6-3 (Groundball, 6)
|
Batting: RHB Tomás Rivera
|
0-0: Called Strike 0-1: TRIPLE (Line Drive, 78D)
|
Batting: RHB Terry Perkins
|
0-0: Ball 1-0: Called Strike 1-1: Ball 2-1: Ball 3-1: Base on Balls
|
Pinch Hitting: SHB José García
|
0-0: Called Strike 0-1: Called Strike 0-2: Strikes out swinging
|
Bottom of the 8th over - 1 run(s), 2 hit(s), 0 error(s), 2 left on base; Colorado 4 - Eau Claire 3 |
TOP OF THE 9TH |
Colorado Commanders batting - Pitching for Eau Claire Esquires : RHP Jesús Díaz
|
Pitching: LHP Adrian Bryant
|
|
Now at 1B: José García
|
|
Batting: RHB Roberto Rodríguez
|
0-0: Ball 1-0: Ball 2-0: Called Strike 2-1: Foul Ball, location: 2F 2-2: Foul Ball, location: 2F 2-2: Strikes out swinging
|
Batting: RHB Clarence Robertson
|
0-0: Ball 1-0: Called Strike 1-1: Ground out 4-3 (Groundball, 4S)
|
Batting: RHB Nick Crosby
|
0-0: Hit by Pitch
|
Batting: RHB Chris Rice
|
0-0: Fielders Choice at 2nd, 4-6 (Groundball, 4MD)
|
Top of the 9th over - 0 run(s), 0 hit(s), 0 error(s), 0 left on base; Colorado 4 - Eau Claire 3 |
BOTTOM OF THE 9TH |
Eau Claire Esquires batting - Pitching for Colorado Commanders : RHP Ron Hannah
|
Pitching: RHP Ted Stuart
|
|
Now in RF: Luis Torres
|
|
Pinch Hitting: RHB Luis Cherena
|
0-0: SINGLE (Flyball, 7LS)
|
Batting: RHB Juan Castillo
|
0-0: SINGLE (Line Drive, 89M) Luis Cherena to second
|
Batting: RHB Jason Smith
|
0-0: Fielders Choice at 2nd, 1-6 (Groundball, P) Luis Cherena to third
|
Batting: RHB Eric Black
|
0-0: Ball 1-0: Ball 2-0: Ball 3-0: Called Strike 3-1: SINGLE (Line Drive, 8LS) Luis Cherena scores Jason Smith to second
|
Batting: LHB Johnny Foley
|
0-0: Called Strike 0-1: Fielders Choice at 2nd, 3-6 (Groundball, 34) Jason Smith to third
|
Pinch Hitting: SHB Darren Ramsey
|
0-0: Foul Ball, location: 2F 0-1: Ball 1-1: Ball 2-1: SINGLE (Flyball, 8RS) Jason Smith scores
|
Tuesday, August 8th, 2017 - OOTP Baseball 17.12 Build 75
|
|